 Seeded DCSS version 0.28-a0-730-g892d06dc2c (webtiles) character file.

Game seed: 3128463810871125009 (custom seed)

36 ytrimaz the Shield-Bearer (level 3, 30/30 HPs)
             Began as a Formicid Fighter on Oct 28, 2021.
             Quit the game on level 1 of the Dungeon.
             The game lasted 00:01:00 (963 turns).

ytrimaz the Shield-Bearer (Formicid Fighter)         Turns: 963, Time: 00:01:01

Health: 30/30      AC:  6    Str: 21    XL:     3   Next: 57%
Magic:  3/3        EV:  9    Int:  7    God:
Gold:   52         SH:  4    Dex: 10    Spells: 2/2 levels left

rFire   . . .      SeeInvis +   a - +0 war axe
rCold   . . .      Faith    .   c - +0 buckler
rNeg    . . .      Spirit   .   b - +0 scale mail
rPois   .          Reflect  .   (helmet unavailable)
rElec   .          Harm     .   (no cloak)
rCorr   .          Rampage  .   (no gloves)
Will    .....                   (no boots)
Stlth   ..........              (no amulet)
HPRegen 0.10/turn               (no ring)
MPRegen 0.08/turn               (no ring)

@: no status effects
A: permanent stasis, dig shafts and tunnels, antennae 3, four strong arms
a: Dig, Shaft Self


You were on level 1 of the Dungeon.
You visited 1 branch of the dungeon, and saw 1 of its levels.

You collected 52 gold pieces.

Inventory:

Hand Weapons
 a - a +0 war axe (weapon)
Armour
 b - a +0 scale mail (worn)
 c - a +0 buckler (worn)
 g - a +0 pair of gloves
Scrolls
 h - a scroll of acquirement
Potions
 d - a potion of might
 e - 3 potions of curing {unknown}
 f - a potion of mutation {unknown}


   Skills:
 + Level 3.8 Fighting
 + Level 2.5 Axes
 + Level 3.6 Armour
 - Level 0.2 Dodging
 + Level 4.0 Shields


You had 2 spell levels left.
You didn't know any spells.
Your spell library was empty.

Dungeon Overview and Level Annotations

Branches:
Dungeon (1/15)

Altars:


Innate Abilities, Weirdness & Mutations

You cannot be hasted, slowed, berserked, paralysed or teleported.
You can dig through walls and to a lower floor.
You have a pair of large antennae on your head. (SInv)
Your four strong arms can wield two-handed weapons with a shield.


Message History

You closely miss the hobgoblin.
The hobgoblin is severely wounded.
The hobgoblin barely misses you.
You closely miss the hobgoblin.
The hobgoblin is severely wounded.
The hobgoblin hits you but does no damage.
The hobgoblin barely misses you.
You closely miss the hobgoblin.
The hobgoblin is severely wounded.
The hobgoblin closely misses you.
You barely miss the hobgoblin.
The hobgoblin is severely wounded.
The hobgoblin barely misses you.
You barely miss the hobgoblin.
The hobgoblin is severely wounded.
You block the hobgoblin's attack.
The hobgoblin hits you but does no damage.
You barely miss the hobgoblin.
The hobgoblin is severely wounded.
The hobgoblin barely misses you.
You slash the hobgoblin!
You kill the hobgoblin!
Your Shields skill increases to level 4!
No target in view!
h - a scroll labelled CUVYUT KAOFOKA You see here a hobgoblin corpse.
Found a war axe.
You see here a +0 war axe.
Found a stone staircase leading down.
No target in view!
No target in view!
No target in view!
No target in view!
No target in view!
No target in view!
No target in view!
No target in view!
No target in view!
This is a scroll of acquirement!
Are you sure you want to abandon this character and quit the game? (Confirm with "yes".)

# # # # ###.## ######
#....# #..... #
#.#..# #.###.
#>##.#..### #.###.
#.........# #....)
#@.#.#.# #..##.
#..#.#.######..##.
####..#...........##.
#.....†.#.#######.###
#.##..#.#.#.....#.###
#.##......#.....#.#..
#.##..#.###....)..#.#
#.##.##.# #....†###.#
#....†..# #.....# #.#


There were no monsters in sight!

Vanquished Creatures
  A dart slug (D:1)
  3 bats (D:1)
  4 endoplasms (D:1)
  A giant cockroach (D:1)
  3 goblins (D:1)
  6 hobgoblins (D:1)
  A quokka (D:1)
  3 ball pythons (D:1)
  4 frilled lizards (D:1)
  2 kobolds (D:1)
  2 rats (D:1)
30 creatures vanquished.

Notes
Turn   | Place    | Note
-------+----------+-------------------------------------------
     0 | D:1      | ytrimaz the Formicid Fighter began the quest for the Orb.
     0 | D:1      | Reached XP level 1. HP: 18/18 MP: 1/1
    53 | D:1      | Found a faded altar of an unknown god.
   240 | D:1      | Reached XP level 2. HP: 22/24 MP: 2/2
   489 | D:1      | Reached XP level 3. HP: 23/30 MP: 3/3
   897 | D:1      | Reached skill level 4 in Shields
   963 | D:1      | Identified a scroll of acquirement
   963 | D:1      | Quit the game

Illustrated notes

Levels and vault maps discovered:
D:1:      dpeg_arrival_windows_large_door, layout_loops_cross,
          basic_ecumenical_altar, minmay_indecisive_spiral

Skill      XL: |  1  2  3 |
---------------+----------+-----
Shields        | 4 |  4.0
Fighting       | |  3.8
Axes           | |  2.5
Armour         | |  3.6
Dodging        | |  0.2

Action                   || total
-------------------------++-------
Melee: War axe           ||    92
  Use: Scroll            ||     1
Armor: Scale mail        ||    50
Dodge: Dodged            ||    57
Block: Buckler           ||    33

Table legend: (Time is in decaauts)
 A = Elapsed time spent in this place.
 B = Non-inter-level travel time spent in this place.
 C = Inter-level travel time spent in this place.
 D = Time resting spent in this place.
 E = Time spent auto-exploring this place.
 F = Levels seen in this place.
 G = Mean time per level.
                   A        B        C        D        E       F      G
               +--------+--------+--------+--------+--------+-----+--------+
         Total |    999 |    999 |      0 |      0 |    780 |   1 |  999.0 |
       Dungeon |    999 |    999 |      0 |      0 |    780 |   1 |  999.0 |
               +--------+--------+--------+--------+--------+-----+--------+

Top non-repeatable levels by time:
     D:1: 999 daAuts
